 Dungeon Sprint DCSS version 0.17-a0-1954-g0dddeaa (webtiles) character file.

714 kosy22 the Grappler (level 7, -3/76 HPs)
             Began as a Troll Monk on Oct 4, 2015.
             Was the Champion of Jiyva.
             Shot with an arrow by a centaur warrior (22 damage)
             ... in the Dungeon (Sprint IX: "|||||||||||||||||||||||||||||").
             The game lasted 00:02:14 (372 turns).

kosy22 the Grappler (Troll Monk)                     Turns: 372, Time: 00:02:14

Health: -3/76      AC:  5    Str: 24    XL:     7   Next: 41%
Magic:  6/6        EV: 14    Int: 10    God:    Jiyva [******]
Gold:   0          SH:  0    Dex: 12    Spells: 0 memorised, 6 levels left

rFire  . . .     SeeInvis .     o - +4 quarterstaff of Irit {crush, Str+2 Int+4}
rCold  . . .     Clarity  +     a - +0 robe
rNeg   . . .     SustAt   .     (no shield)
rPois  +         Gourm    +     (helmet restricted)
rElec  .         Spirit   .     (no cloak)
rCorr  +         Warding  .     (gloves unavailable)
rMut   .         NoTele   +     (boots unavailable)
MR     .....                    (no amulet)
Stlth  ++........               (no ring)
                                (no ring)

@: not resistant to hostile enchantments, unstealthy
A: unfitting armour, claws 3, clarity, fast metabolism 3, gourmand, poison
resistance, regeneration 2, shaggy fur 1, tough skin 2, wild magic 1, acidic
bite, translucent skin 1
a: Request Jelly, Jelly Paralyse, Slimify, Cure Bad Mutation, Renounce Religion


You were in the Dungeon.
You worshipped Jiyva.
Jiyva was exalted by your worship.
You were not hungry.

You visited 1 branch

Inventory:

Hand weapons
 o - the +4 quarterstaff of Irit (weapon) {crush, Str+2 Int+4}
   (You found it in the Dungeon)

   It inflicts extra damage upon your enemies.
   It affects your strength (+2).
   It affects your intelligence (+4).
Armour
 a - a +0 robe (worn)
 p - a +0 cloak
Jewellery
 m - a +2 ring of evasion
 n - a +2 ring of evasion
Magical devices
 l - a wand of cold (7)
Scrolls
 h - 2 scrolls of blinking
 j - 3 scrolls of remove curse
 k - 2 scrolls of amnesia
Potions
 c - a potion of invisibility
 d - a potion of heal wounds
 e - a potion of haste
 f - 4 potions of magic
 i - 4 potions of curing
Comestibles
 b - 2 bread rations


   Skills:
 + Level 6.4 Fighting
 + Level 1.4 Staves
 + Level 9.0 Dodging
 + Level 2.1 Stealth
 + Level 10.7 Unarmed Combat


You had 6 spell levels left.
You didn't know any spells.

Dungeon Overview and Level Annotations

Branches:
Dungeon (1/1)

Altars:
Cheibriados
Dithmenos
Elyvilon
Fedhas
Gozag
Kikubaaqudgha
Makhleb
Nemelex Xobeh
Okawaru
Qazlal
Ru
Sif Muna
Trog
Vehumet
Xom
Yredelemnul
Zin
The Shining One
Beogh
Jiyva
Lugonu


Innate Abilities, Weirdness & Mutations

You are too large for most types of armour.
You have claws for hands.
Your metabolism is lightning-fast.
You like to eat raw meat.
You heal very quickly.
You are covered in fur (AC +1).
You have very tough skin (AC +2).
You possess an exceptional clarity of mind.
Your system is resistant to poisons.
Your spells are a little harder to cast, but a little more powerful.
You have acidic saliva.
Your skin is partially translucent (Stealth, -foe acc).


Message History

The jelly dies!
The centaur warrior wields an uncursed shortbow.
The centaur warrior shoots an arrow.
The arrow hits you.
The slime creature hits the worker ant.
The slime creature hits the worker ant!
The worker ant dies!
The centaur warrior unwields an uncursed shortbow.
The centaur warrior closely misses you.
The centaur warrior hits you but does no damage.
The centaur warrior hits you!
You hear a slurping noise.
Jiyva appreciates your sacrifice.
You feel a little less hungry.
You feel better. The centaur warrior closely misses you.
The centaur warrior hits you!
* * * LOW HITPOINT WARNING * * *
The slime creature closely misses the skeletal warrior.
The centaur warrior wields an uncursed shortbow.
The centaur warrior shoots an arrow.
The arrow hits you!!
You die... ▓▓▓▓▓▓▓▓▓▓▓▓▓▓▓▓▓▓▓▓▓▓▓▓▓▓ J'.........'...J@.czJ....+ ▓▓▓▓▓▓▓▓▓▓▓▓▓▓▓▓▓▓▓▓▓▓▓▓▓▓

You could see a skeletal warrior, a centaur warrior, a neutral slime creature (fellow slime) and a neutral jelly (fellow slime).

Vanquished Creatures
  A troll (D)
  A hungry ghost (D)
  A water moccasin (D)
  A centaur (D)
  A hound (D)
  2 worker ants (D)
  A bat zombie (D)
  2 hobgoblins (D)
  A jackal (D)
  A kobold (D)
  2 goblins (D)
14 creatures vanquished.

Vanquished Creatures (collateral kills)
  An orc warrior (D)
  A crimson imp (D)
2 creatures vanquished.

Vanquished Creatures (others)
  A warg (shapeshifter) (D)
  A jelly (D)
  A hound (D)
  A worker ant (D)
4 creatures vanquished.

Grand Total: 20 creatures vanquished

Notes
Turn   | Place    | Note
--------------------------------------------------------------
     0 | D        | kosy22 the Troll Monk began the quest for the Orb.
     0 | D        | Reached XP level 1. HP: 22/22 MP: 0/0
    47 | D        | Noticed a water moccasin
    47 | D        | Noticed a worker ant
    47 | D        | Noticed a worker ant
    57 | D        | HP: 1/22 [water moccasin (3)]
    67 | D        | Killed a water moccasin
    67 | D        | Reached skill level 7 in Unarmed Combat
    67 | D        | Reached XP level 2. HP: 7/33 MP: 1/1
    67 | D        | Reached XP level 3. HP: 8/40 MP: 2/2
    67 | D        | Reached XP level 4. HP: 9/49 MP: 3/3
    76 | D        | Killed a worker ant
    76 | D        | Reached skill level 5 in Dodging
    76 | D        | Reached XP level 5. HP: 3/55 MP: 4/4
    80 | D        | Killed a worker ant
    80 | D        | Reached skill level 8 in Unarmed Combat
   188 | D        | Found a glowing silver altar of Zin.
   188 | D        | Found a glowing golden altar of the Shining One.
   188 | D        | Found an ancient bone altar of Kikubaaqudgha.
   188 | D        | Found a basalt altar of Yredelemnul.
   188 | D        | Found a shimmering altar of Xom.
   188 | D        | Found a radiant altar of Vehumet.
   189 | D        | Found an iron altar of Okawaru.
   190 | D        | Found a burning altar of Makhleb.
   191 | D        | Found a deep blue altar of Sif Muna.
   192 | D        | Found a bloodstained altar of Trog.
   193 | D        | Found a sparkling altar of Nemelex Xobeh.
   194 | D        | Found a white marble altar of Elyvilon.
   195 | D        | Found a roughly hewn altar of Beogh.
   196 | D        | Found a viscous altar of Jiyva.
   197 | D        | Found a corrupted altar of Lugonu.
   198 | D        | Found a blossoming altar of Fedhas.
   199 | D        | Found a snail-covered altar of Cheibriados.
   200 | D        | Found a shadowy altar of Dithmenos.
   201 | D        | Found a stormy altar of Qazlal.
   202 | D        | Found an opulent altar of Gozag.
   203 | D        | Found a sacrificial altar of Ru.
   204 | D        | Became a worshipper of Jiyva Juemoha the Shapeless
   204 | D        | Acquired Jiyva's first power
   204 | D        | Acquired Jiyva's second power
   233 | D        | Got the +4 quarterstaff of Irit {crush, Str+2 Int+4}
   245 | D        | Gained mutation: Your muscles are strong. (Str +2) [Jiyva's grace]
   245 | D        | Lost mutation: Your muscles are strong. (Str +2) [Jiyva's grace]
   245 | D        | Acquired Jiyva's third power
   273 | D        | Acquired Jiyva's fourth power
   273 | D        | Gained mutation: You are clumsy. (Dex -2) [Jiyva's grace]
   276 | D        | Gained mutation: Your skin is partially translucent (Stealth, -foe acc). [Jiyva's grace]
   281 | D        | Gained mutation: Your spells are a little harder to cast, but a little more powerful. [Jiyva's grace]
   281 | D        | Gained mutation: Your system is resistant to poisons. [Jiyva's grace]
   282 | D        | Gained mutation: You have acidic saliva. [Jiyva's grace]
   282 | D        | Lost mutation: You are clumsy. (Dex -2) [Jiyva's grace]
   291 | D        | Noticed a troll
   291 | D        | Noticed a crimson imp
   291 | D        | Noticed a centaur
   291 | D        | Noticed a hungry ghost
   291 | D        | Noticed a hound
   291 | D        | Noticed an orc warrior
   302 | D        | Killed a troll
   302 | D        | Reached skill level 5 in Fighting
   302 | D        | Reached skill level 9 in Unarmed Combat
   302 | D        | Reached XP level 6. HP: 37/67 MP: 5/5
   306 | D        | Killed a centaur
   306 | D        | Reached skill level 1 in Staves
   306 | D        | Reached skill level 10 in Unarmed Combat
   309 | D        | Killed a hungry ghost
   309 | D        | Reached XP level 7. HP: 44/75 MP: 6/6
   310 | D        | Killed a hound
   315 | D        | Killed a crimson imp
   316 | D        | HP: 2/75 [orc warrior/short sword (10)]
   317 | D        | Killed an orc warrior
   354 | D        | Gained mutation: Your body is partially covered in golden eyeballs (Acc +3). [Jiyva's grace]
   356 | D        | Gained mutation: You possess an exceptional clarity of mind. [Jiyva's grace]
   357 | D        | Lost mutation: Your body is partially covered in golden eyeballs (Acc +3). [Jiyva's grace]
   359 | D        | Noticed a centaur warrior
   359 | D        | Noticed a skeletal warrior
   359 | D        | Noticed a worker ant
   359 | D        | Noticed a hound
   359 | D        | Noticed a slime creature
   359 | D        | Noticed a soldier ant
   359 | D        | Killed a hound
   361 | D        | a soldier ant changed into a warg
   368 | D        | Killed a worker ant
   372 | D        | Shot with an arrow by a centaur warrior

Vault maps used:
D:        linesprint

Action                   |  1- 3 |  4- 6 |  7- 9 || total
-------------------------+-------+-------+-------++-------
Melee: Unarmed           |    35 |    13 |       ||    48
       Quarterstaff      |       |    13 |     9 ||    22
Invok: Request Jelly     |       |     1 |       ||     1
  Use: Potion            |     2 |     2 |       ||     4
